 Dungeon Crawl Stone Soup version 0.25-a0-110-ge29c8f2358 (console) character file.

Game seed: 416907215483795915, levelgen mode: deterministic

48 Kagalorn the Grasshopper (level 4, -1/29 HPs)
             Began as a Halfling Warper on Nov 20, 2019.
             Slain by a leopard gecko (3 damage)
             ... on level 2 of the Dungeon.
             The game lasted 00:04:00 (793 turns).

Kagalorn the Grasshopper (Halfling Warper)           Turns: 793, Time: 00:04:01

Health: -1/29      AC:  6    Str: 12    XL:     4   Next: 0%
Magic:  6/6        EV: 14    Int: 12    God:
Gold:   52         SH:  0    Dex: 13    Spells: 4/6 levels left

rFire    . . .     SeeInvis .   r - -3 hunting sling (curse)
rCold    . . .     Gourm    .   (shield restricted)
rNeg     . . .     Faith    .   b - +0 leather armour
rPois    .         Spirit   .   (no helmet)
rElec    .         Reflect  .   (no cloak)
rCorr    .         Harm     .   (no gloves)
MR       .....                  p - +2 pair of boots
Stlth    +.........             (no amulet)
HPRegen  0.09/turn              (no ring)
MPRegen  0.10/turn              (no ring)

@: no status effects
A: small, mutation resistance 1
a: no special abilities


You were on level 2 of the Dungeon.
You were not hungry.

You visited 1 branch of the dungeon, and saw 2 of its levels.

You collected 52 gold pieces.

Inventory:

Hand Weapons
 a - a +0 falchion
 r - a cursed -3 hunting sling (weapon)
Missiles
 e - 5 boomerangs of dispersal
 h - 10 stones (quivered)
Armour
 b - a +0 leather armour (worn)
 m - a +0 ring mail
 p - a +2 pair of boots (worn)
Jewellery
 c - a +5 ring of dexterity {unknown}
 k - an uncursed amulet of harm {unknown}
 q - an uncursed ring of protection from cold {unknown}
Scrolls
 d - a scroll of blinking
 g - a scroll of teleportation {unknown}
 j - a scroll of magic mapping {unknown}
 o - 2 scrolls of identify {unknown}
Potions
 n - a potion of invisibility {unknown}
 s - a potion of lignification {unknown}
Comestibles
 f - a ration


   Skills:
 - Level 1.7 Fighting
 + Level 3.6 Long Blades
 - Level 1.0 Throwing
 - Level 1.1 Armour
 - Level 2.1 Dodging
 - Level 1.5 Spellcasting
 + Level 3.7 Translocations


You had 4 spell levels left.
You knew the following spells:

 Your Spells              Type           Power        Failure   Level  Hunger
a - Blink                 Tloc           N/A          12%         2    ###....

Your spell library contained the following spells:

 Spells                   Type           Power        Failure   Level  Hunger
 Gell's Gravitas          Tloc           #.........   24%         3    ####...
 Lesser Beckoning         Tloc           #.........   24%         3    ####...
 Teleport Other           Tloc           #.......     24%         3    ####...
 Shroud of Golubria       Chrm/Tloc      #.....       26%         2    ###....
 Passage of Golubria      Tloc           N/A          61%         4    #####..


Dungeon Overview and Level Annotations

Branches:
Dungeon (2/15)

Altars:


Innate Abilities, Weirdness & Mutations

You are small and have problems with some larger weapons.
You are somewhat resistant to further mutation.


Message History

The stone hits the leopard gecko but does no damage.
The leopard gecko misses you.
Firing (i - inventory. (/) - cycle)
h - 13 stones (quivered)
Press: ? - help, Shift-Dir - straight line, f/p - leopard gecko
Aim: a leopard gecko You shoot a stone.
The stone misses the leopard gecko.
The leopard gecko closely misses you. The leopard gecko misses you.
Firing (i - inventory. (/) - cycle)
h - 12 stones (quivered)
Press: ? - help, Shift-Dir - straight line, f/p - leopard gecko
Aim: a leopard gecko You shoot a stone.
The stone barely misses the leopard gecko.
The leopard gecko bites you but does no damage.
Firing (i - inventory. (/) - cycle)
h - 11 stones (quivered)
Press: ? - help, Shift-Dir - straight line, f/p - leopard gecko
Aim: a leopard gecko You shoot a stone.
The stone closely misses the leopard gecko.
The leopard gecko bites you.
You die...

.. #### #..
..####...
#....#.# . .
##..)...#..
...###..@.......
#......l(...#..
..####..(....#
..w.....(...##
#.####..(....#
#.%(.^..#
..(.....#
#>#.....##
.......##


You could see a leopard gecko.

Vanquished Creatures
  An adder (D:1)
  2 worms (D:2)
  2 dart slugs (D:1)
  A leopard gecko (D:1)
  4 bats (D:1)
  4 goblins (D:1)
  2 hobgoblins (D:1)
  7 kobolds
  A ball python (D:1)
  2 frilled lizards (D:1)
  3 rats (D:1)
29 creatures vanquished.

Notes
Turn   | Place    | Note
-------+----------+-------------------------------------------
     0 | D:1      | Kagalorn the Halfling Warper began the quest for the Orb.
     0 | D:1      | Reached XP level 1. HP: 14/14 MP: 3/3
    70 | D:1      | Reached XP level 2. HP: 19/19 MP: 4/4
    75 | D:1      | Learned a level 2 spell: Blink
   263 | D:1      | Reached XP level 3. HP: 14/24 MP: 5/5
   782 | D:2      | HP: 1/24 [leopard gecko (4)]
   784 | D:2      | Reached XP level 4. HP: 1/29 MP: 6/6
   793 | D:2      | Slain by a leopard gecko

Levels and vault maps discovered:
D:1:      saegor_arrival_simple_c, layout_rooms, serial_bayou_pond_b
D:2:      layout_rooms

Skill      XL: |  1  2 |
---------------+-------+-----
Long Blades    | 3 |  3.6
Fighting       | |  1.7
Throwing       | |  1.0
Armour         | |  1.1
Dodging        | |  2.1
Spellcasting   | |  1.5
Translocations | |  3.7

Action                   |  1- 3 |  4- 6 || total
-------------------------+-------+-------++-------
Melee: Falchion          |   108 |       ||   108
 Fire: Hunting sling     |    16 |     9 ||    25
  Use: Potion            |     2 |       ||     2
Armor: Leather armour    |    26 |     2 ||    28
Dodge: Dodged            |    84 |     8 ||    92
       Rpst.: Falchion   |    21 |       ||    21

Table legend:
 A = Non-vault XP
 B = Vault XP
 C = Vault XP percentage of total XP
 D = Non-vault monster count
 E = Vault monster count
 F = Vault count percentage of total count
                 A         B        C        D         E       F
            +---------+---------+-------+---------+---------+-------
      Total |      63 |       6 |   8.7 |      24 |       5 |  17.2
            +---------+---------+-------+---------+---------+-------
        D:1 |      49 |       6 |  10.9 |      20 |       5 |  20.0
        D:2 |      14 |       0 |   0.0 |       4 |       0 |   0.0
            +---------+---------+-------+---------+---------+-------
